 Dungeon Crawl Stone Soup version 0.20-a0-971-g5896763 (console) character file.

23387 nht the Cleaver (level 13, -3/101 HPs)
             Began as a Bultungin Berserker on Apr 8, 2017.
             Was a High Priest of Trog.
             Slain by a catoblepas (9 damage)
             ... on level 5 of the Lair of Beasts.
             The game lasted 00:32:58 (14836 turns).

nht the Cleaver (Bultungin Berserker)              Turns: 14836, Time: 00:32:59

Health: -3/101     AC: 17    Str: 21    XL:     13   Next: 6%
Magic:  20/20      EV:  2    Int: 12    God:    Trog [*****.]
Gold:   1569       SH:  0    Dex: 14    Spells: 12/12 levels left

rFire    + . .     SeeInvis +   P - +0 war axe {speed, rPois rF+ MR- Int+5} (curse)
rCold    . . .     Gourm    .   (no shield)
rNeg     + + +     Faith    .   F - +1 leather armour {rPois}
rPois    ∞         Spirit   .   y - +2 helmet
rElec    .         Reflect  +   (no cloak)
rCorr    +         Harm     .   O - +2 pair of gloves {archery}
MR       .....                  H - +1 pair of boots
Stlth    +.........             Q - brooch of Shielding {Reflect SH+8}
Regen    0.3/turn               f - +3 ring of protection
MPRegen  0.2/turn               m - ring of resist corrosion

@: petrified
A: short attention span, fangs 1, see invisible, strong nose
a: Berserk, Trog's Hand, Brothers in Arms, Burn Spellbooks, Renounce Religion


You were on level 5 of the Lair of Beasts.
You worshipped Trog.
Trog was extremely pleased with you.
You were hungry.

You visited 2 branches of the dungeon, and saw 14 of its levels.
You also visited: Ice Cave.

You collected 1569 gold pieces.

Inventory:

Hand Weapons
 a - a +1 hand axe of chopping
 P - the cursed +0 war axe "Jafix" (weapon) {speed, rPois rF+ MR- Int+5}
   (You found it on level 4 of the Lair of Beasts)

   Attacks with this weapon are significantly faster.
   It affects your intelligence (+5).
   It protects you from fire.
   It protects you from poison.
   It affects your resistance to hostile enchantments.
   It has a curse placed upon it.
Missiles
 r - a throwing net
 u - 16 tomahawks (quivered)
 z - 3 poisoned javelins
 A - 2 needles of paralysis
 C - 7 needles of sleeping
 E - 7 poisoned needles
 K - 73 sling bullets
 M - 6 poisoned tomahawks
 V - 7 javelins of penetration
Armour
 y - a +2 helmet (worn)
 F - a +1 leather armour of poison resistance (worn)
 H - a +1 pair of boots (worn)
 O - a +2 pair of gloves of archery (worn)
Jewellery
 f - a +3 ring of protection (left hand)
 m - a ring of resist corrosion (right hand)
 I - an uncursed ring of ice
 Q - the brooch of Shielding (around neck) {Reflect SH+8}
   (You found it in an ice cave)

   [amulet of reflection]

   It shields you and reflects attacks.
   It affects your SH (+8).
 R - an uncursed ring of flight
 S - an uncursed ring of positive energy
Wands
 b - a wand of confusion (5/48)
 i - a wand of polymorph (9/24)
 p - a wand of flame (13/48)
 s - a wand of scattershot (4/9)
 t - a wand of lightning (1/15)
 v - a wand of polymorph (6/24)
 G - a wand of acid (2/15)
 W - a wand of lightning (8/15)
 X - a wand of clouds (4/9)
 Y - a wand of paralysis (16/24)
Scrolls
 e - 6 scrolls of remove curse
 w - 5 scrolls of identify
 x - 2 scrolls of recharging
 B - a scroll of enchant weapon
 D - 3 scrolls of teleportation
 J - 2 scrolls of brand weapon
 N - a scroll of magic mapping
 T - a scroll of fear
Potions
 d - 2 potions of invisibility
 g - a potion of berserk rage
 k - 2 potions of flight
 l - a potion of haste
 n - 2 potions of heal wounds
 o - 9 potions of curing
 q - a potion of lignification
 L - a potion of mutation
 U - a potion of resistance
Comestibles
 c - 3 bread rations
 h - 8 meat rations
 j - 7 royal jellies


   Skills:
 + Level 9.5 Fighting
 + Level 11.1 Axes
 + Level 10.3 Throwing
 + Level 9.4 Armour
 + Level 9.8 Dodging
 + Level 9.6 Evocations


You had 12 spell levels left.
You didn't know any spells.

Dungeon Overview and Level Annotations

Branches:
Dungeon (9/15)             Temple (0/1) D:7            Lair (5/6) D:9
  Swamp (0/4) Lair:2       Spider (0/4) Lair:4
  Slime: Lair:5-6       Orc: D:9-12

Altars:
Ashenzari
Elyvilon
Nemelex Xobeh
Okawaru
Trog
Yredelemnul

Shops:
D:5 }


Innate Abilities, Weirdness & Mutations

You have a short attention span.
You have very sharp teeth.
You have supernaturally acute eyesight. (SInv)
Your uncanny sense of smell can sniff out nearby items.


Message History

You are slowing down.
Unknown command.
Unknown command.
You hit the catoblepas.
You bite the catoblepas, but do no damage.
The catoblepas is almost dead.
You are engulfed in calcifying dust.
Your limbs have turned to stone.
The catoblepas breathes in.
The catoblepas gores you but does no damage.
You have turned to stone.
You are engulfed in calcifying dust.
The catoblepas gores you!
* * * LOW HITPOINT WARNING * * *
You are engulfed in calcifying dust.
The catoblepas gores you!!
* * * LOW HITPOINT WARNING * * *
You are engulfed in calcifying dust.
The catoblepas gores you.
* * * LOW HITPOINT WARNING * * *
You are engulfed in calcifying dust.
The catoblepas gores you!
* * * LOW HITPOINT WARNING * * *
The catoblepas gores you!!
You die...

.................
█...█...............██..∆
███............█.....P.█.
.........................
P█.█.....██..PP.....P≈P≈≈P
....................≈≈≈≈≈≈
████................≈≈≈≈≈P
................Y....≈≈≈P≈
█...█P.......P.█@....≈P≈≈≈≈≈≈≈≈≈P
.....................PP≈P≈≈≈≈≈≈≈≈
....÷...PPP.....§....≈≈P≈≈≈≈≈≈≈≈P
................§...≈≈≈≈≈PP≈≈≈≈≈≈
█.█..........P......PPP≈≈≈≈≈≈≈≈≈♣
....................≈≈P≈≈PP≈PP♣
....█P...█P....P....≈≈≈≈≈≈≈P♣
..........................♣♣♣♣█
.....P........................█


You could see a catoblepas.

Vanquished Creatures
  4 hydras
  2 ice dragons (IceCv)
  Erica (D:9)
  An orb spider (Lair:4)
  A black mamba (Lair:5)
  2 ice statues (IceCv)
  A torpor snail (Lair:4)
  2 spiny frogs (Lair:1)
  The ghost of Koga the Cudgeler, a novice FoFi of Okawaru (D:4)
  3 rime drakes
  5 komodo dragons
  2 trolls (D:9)
  A polar bear (Lair:5)
  Grinder (D:4)
  4 blink frogs (Lair:5)
  3 hippogriffs
  Sigmund (D:4)
  12 yaks
  Eustachio (D:4)
  2 wyverns
  3 hogs (D:7)
  A human (D:7)
  A soldier ant (D:9)
  5 water moccasins
  3 swamp worms (Lair:2)
  3 orc warriors
  5 porcupines
  Purgy (D:4)
  6 black bears
  24 ice beasts
  A sky beast (D:9)
  7 ogres
  3 phantoms
  2 centaurs (D:8)
  5 crocodiles
  A big kobold (D:8)
  10 bullfrogs
  6 scorpions
  10 killer bees
  5 wights (D:6)
  2 electric eels
  3 crimson imps
  3 bullfrog skeletons
  A bullfrog zombie (D:7)
  3 hounds
  5 orc priests
  2 jellies (D:6)
  2 centaur skeletons
  An iguana (D:5)
  5 orc wizards
  6 worker ants
  A howler monkey skeleton (D:9)
  A worker ant zombie (D:6)
  20 adders
  A gnoll (D:8)
  An ooze (D:1)
  An adder skeleton (D:7)
  2 worms
  3 dart slugs
  A leopard gecko (D:8)
  29 orcs
  5 bats
  11 giant cockroaches
  8 goblins
  9 hobgoblins
  6 jackals
  A quokka (D:6)
  2 ball pythons
  6 frilled lizards
  A jackal skeleton (D:9)
  16 kobolds
  A leopard gecko skeleton (D:5)
  A quokka skeleton (D:4)
  5 rats
  4 fungi
321 creatures vanquished.

Vanquished Creatures (others)
  A kobold (D:8)
1 creature vanquished.

Grand Total: 322 creatures vanquished

Notes
Turn   | Place    | Note
-------+----------+-------------------------------------------
     0 | D:1      | nht the Bultungin Berserker began the quest for the Orb.
     0 | D:1      | Reached XP level 1. HP: 20/20 MP: 1/1
   111 | D:1      | Reached XP level 2. HP: 13/26 MP: 2/2
   519 | D:1      | Reached skill level 5 in Axes
   519 | D:1      | Reached XP level 3. HP: 31/31 MP: 3/3
   738 | D:2      | Reached ** piety under Trog
   911 | D:2      | Reached skill level 5 in Fighting
   911 | D:2      | Reached XP level 4. HP: 26/39 MP: 4/4
  1433 | D:3      | Reached XP level 5. HP: 15/44 MP: 5/5
  1797 | D:3      | Reached *** piety under Trog
  1805 | D:3      | Reached skill level 5 in Armour
  2437 | D:4      | Noticed an ogre
  2444 | D:4      | Killed an ogre
  2444 | D:4      | Reached skill level 6 in Axes
  2444 | D:4      | Reached XP level 6. HP: 52/52 MP: 6/6
  2494 | D:4      | Noticed Grinder
  2510 | D:4      | Paralysed by Grinder for 5 turns
  2517 | D:4      | Killed Grinder
  2517 | D:4      | Reached skill level 5 in Dodging
  2517 | D:4      | Reached XP level 7. HP: 15/59 MP: 7/7
  2759 | D:4      | Noticed Koga's ghost (novice FoFi)
  2800 | D:4      | Killed Koga's ghost
  2800 | D:4      | Reached skill level 7 in Axes
  2969 | D:4      | Reached skill level 1 in Evocations
  2969 | D:4      | Reached XP level 8. HP: 47/67 MP: 7/9
  3382 | D:4      | Noticed Purgy
  3386 | D:4      | Noticed Eustachio
  3389 | D:4      | Killed Purgy
  3445 | D:4      | Killed Eustachio
  3445 | D:4      | Reached skill level 8 in Axes
  3819 | D:4      | Noticed Sigmund
  3826 | D:4      | Killed Sigmund
  3826 | D:4      | Reached skill level 5 in Evocations
  3870 | D:4      | Reached XP level 9. HP: 29/72 MP: 11/13
  4240 | D:5      | Entered Level 5 of the Dungeon
  4569 | D:5      | Found Sokuceup's Gadget Boutique.
  4576 | D:5      | Reached **** piety under Trog
  5158 | D:5      | Reached skill level 9 in Axes
  5464 | D:6      | Reached skill level 5 in Throwing
  5493 | D:6      | Found a sparkling altar of Nemelex Xobeh.
  6396 | D:7      | Found a staircase to the Ecumenical Temple.
  6556 | D:7      | Reached XP level 10. HP: 46/79 MP: 15/15
  6823 | D:7      | Found a shattered altar of Ashenzari.
  6842 | D:7      | Received a gift from Trog
  7628 | D:8      | Found a bloodstained altar of Trog.
  7631 | D:8      | Received a gift from Trog
  7783 | D:8      | Found a white marble altar of Elyvilon.
  7971 | D:8      | Found an iron altar of Okawaru.
  8064 | D:8      | Found a basalt altar of Yredelemnul.
  8175 | D:8      | Reached skill level 10 in Axes
  8282 | D:9      | Reached ***** piety under Trog
  8514 | D:9      | Reached XP level 11. HP: 86/86 MP: 17/17
  8634 | D:9      | Got a fine chain mail
  8645 | D:9      | Identified the +1 chain mail of Ruc Loss {rF- rC+ Int+7} (You found it on level 9 of the Dungeon)
  8961 | D:9      | Noticed Erica
  8978 | D:9      | Killed Erica
  8978 | D:9      | Received a gift from Trog
  9199 | D:9      | Found a staircase to the Lair.
  9327 | Lair:1   | Entered Level 1 of the Lair of Beasts
 10847 | Lair:2   | Received a gift from Trog
 10940 | Lair:2   | Found a staircase to the Swamp.
 11760 | Lair:3   | Noticed a five-headed hydra
 11772 | Lair:3   | Killed a five-headed hydra
 12262 | Lair:4   | Noticed an eight-headed hydra
 12267 | Lair:4   | Killed an eight-headed hydra
 12267 | Lair:4   | Reached XP level 12. HP: 95/95 MP: 18/18
 12375 | Lair:4   | Found a frozen archway.
 12395 | Lair:4   | Got a bloodstained war axe
 12396 | Lair:4   | Identified the cursed +0 war axe "Jafix" {speed, rPois rF+ MR- Int+5} (You found it on level 4 of the Lair of Beasts)
 12407 | IceCv    | Entered an ice cave
 12551 | IceCv    | Reached skill level 10 in Throwing
 12787 | IceCv    | Reached skill level 11 in Axes
 13253 | IceCv    | Noticed an ice dragon
 13296 | IceCv    | Noticed an ice dragon
 13314 | IceCv    | Killed an ice dragon
 13320 | IceCv    | Killed an ice dragon
 13881 | Lair:4   | Noticed a four-headed hydra
 13887 | Lair:4   | Killed a four-headed hydra
 13992 | Lair:4   | Found a hole to the Spider Nest.
 14372 | Lair:5   | Received a gift from Trog
 14721 | Lair:5   | Noticed a five-headed hydra
 14730 | Lair:5   | Killed a five-headed hydra
 14730 | Lair:5   | Reached XP level 13. HP: 101/101 MP: 20/20
 14836 | Lair:5   | Slain by a catoblepas

Vault maps used:
D:1:      evilmike_arrival_crescent, minmay_curled_crystal
D:3:      minmay_strange_pillars
D:4:      first_bread, kennysheep_nondescript, minmay_vboxes, uniq_grinder,
          uniq_sigmund, uniq_purgy, uniq_eustachio
D:5:      serial_shops, shop
D:6:      lemuel_crystal_altar
D:7:      cheibrodos_ashenzari_chains, temple_doors_e, grunt_livestock,
          minmay_misc_feat_four_crosses
D:8:      kennysheep_ying_yang, okawaru_altar_gauntlet_db, trog_ov_bears_minmay
D:9:      grunt_lair_entry_orc_guard_hut, kennysheep_diamond, uniq_erica
Lair:2:   nicolae_swamp_entry_splash_gauntlet
Lair:4:   nicolae_spider_entry_orb_guardian, portal_ice_cave_entry_ice_beasts
Lair:5:   serial_bayou_shore_a
IceCv:    ice_cave_small_dragons

Skill      XL: |  1  2  3  4  5  6  7  8  9 10 11 12 |
---------------+-------------------------------------+-----
Axes           | 5 6 7 8 9 10 11 | 11.1
Armour         | 4 5 6 7 8 9 |  9.4
Fighting       | 5 6 7 8 9 |  9.5
Dodging        | 4 5 6 7 8 9 |  9.8
Evocations     | 1 5 7 8 9 |  9.6
Throwing       | 3 7 8 9 10 | 10.3

Action                   |  1- 3 |  4- 6 |  7- 9 | 10-12 | 13-15 || total
-------------------------+-------+-------+-------+-------+-------++-------
Melee: Hand axe          |   105 |   140 |   414 |   494 |       ||  1153
       Bite              |     8 |    15 |    50 |   103 |     8 ||   184
       War axe           |       |       |       |   210 |    45 ||   255
Throw: Tomahawk          |       |       |       |    69 |       ||    69
       Throwing net      |       |       |       |     1 |       ||     1
Invok: Berserk           |       |     3 |    13 |    18 |       ||    34
       Burn Spellbooks   |       |       |       |     3 |       ||     3
       Trog's Hand       |       |       |       |     2 |       ||     2
Evoke: Wand              |       |       |     9 |    31 |       ||    40
  Use: Potion            |       |     2 |     1 |     1 |       ||     4
       Scroll            |       |       |    14 |     9 |       ||    23
 Stab: Sleeping          |     2 |     1 |     3 |       |       ||     6
       Paralysed         |       |       |       |     3 |       ||     3
       Petrifying        |       |       |       |       |     1 ||     1
       Petrified         |       |       |       |       |     1 ||     1
  Eat: Chunk             |       |     6 |    18 |    23 |       ||    47
       Fruit             |       |     1 |     2 |       |       ||     3
       Bread ration      |       |       |     2 |     3 |       ||     5
       Meat ration       |       |       |       |     1 |       ||     1
Armor: Animal skin       |    20 |    28 |    53 |     1 |       ||   102
       Skin              |       |       |    12 |     2 |       ||    14
       Leather armour    |       |       |       |   130 |    11 ||   141
Dodge: Dodged            |    64 |    97 |   195 |   401 |    12 ||   769
Block: Other             |       |     7 |    60 |   131 |    16 ||   214
       Reflection        |       |       |       |     5 |       ||     5
